 Dungeon Crawl Stone Soup version 0.28-a0-863-g8cecda6153 (webtiles) character file.

Game seed: 4238205888156351814

5705 Rennog the Grappler (level 10, -3/91 HPs)
             Began as a Gnoll Transmuter on Nov 17, 2021.
             Was a Believer of Cheibriados.
             Slain by an orc knight (10 damage)
             ... in a bailey.
             The game lasted 00:18:21 (10441 turns).

Rennog the Grappler (Gnoll Transmuter)             Turns: 10441, Time: 00:18:22

Health: -3/91      AC:  9    Str: 19    XL:     10   Next: 76%
Magic:  12/21      EV: 14    Int: 19    God:    Cheibriados [**....]
Gold:   428        SH:  0    Dex: 18    Spells: 10/24 levels left

rFire   x . .      SeeInvis .     - Unarmed
rCold   + + +      Faith    .   (shield currently unavailable)
rNeg    . . .      Spirit   .   (armour currently unavailable)
rPois   +          Reflect  .   (helmet currently unavailable)
rElec   .          Harm     .   (cloak currently unavailable)
rCorr   .          Rampage  .   (gloves currently unavailable)
Will    .....                   (boots currently unavailable)
Stlth   +++.......              t - amulet of regeneration
HPRegen 1.25/turn               i - ring of wizardry
MPRegen 0.17/turn               l - ring of wizardry

@: ice-form, wereblooded, very slow
A: freezing attack, amphibious, boosted hp, large, (fangs 1), strong nose,
distributed training
a: End Transformation, Renounce Religion, Bend Time


You were in a bailey.
You worshipped Cheibriados.
Cheibriados was pleased with you.
You were a creature of crystalline ice.
You visited 2 branches of the dungeon, and saw 9 of its levels.
You also visited: Ossuary and Bailey.

You collected 428 gold pieces.

Inventory:

Hand Weapons
 g - a +2 flail of pain (melded)
Missiles
 h - 3 throwing nets
Armour
 a - a +0 robe
 v - a +1 robe of the Archmagi (melded)
Jewellery
 i - a ring of wizardry (left front paw)
 l - a ring of wizardry (right front paw)
 q - a ring of see invisible
 t - an amulet of regeneration (around neck)
Wands
 w - a wand of iceblast (10)
 y - a wand of polymorph (6)
Scrolls
 b - 5 scrolls of enchant armour {unknown}
 c - 4 scrolls of teleportation {unknown}
 f - 6 scrolls of identify {unknown}
 m - a scroll of blinking {unknown}
 u - 2 scrolls of fog {unknown}
 B - a scroll of fear {unknown}
Potions
 d - 2 potions of curing {unknown}
 e - 2 potions of lignification {unknown}
 j - 2 potions of magic {unknown}
 k - 2 potions of degeneration {unknown}
 n - 6 potions of heal wounds
 o - 2 potions of might {unknown}
 p - a potion of resistance {unknown}
 r - 2 potions of brilliance {unknown}
 s - a potion of haste {unknown}
 x - a potion of berserk rage {unknown}
 z - 2 potions of flight {unknown}
 A - a potion of invisibility {unknown}


   Skills:
 + Level 6.2 Fighting
 + Level 5.6 Short Blades
 + Level 5.6 Long Blades
 + Level 5.6 Axes
 + Level 5.6 Maces & Flails
 + Level 5.6 Polearms
 + Level 5.6 Staves
 + Level 5.6 Slings
 + Level 5.6 Bows
 + Level 5.6 Crossbows
 + Level 5.6 Throwing
 + Level 5.6 Armour
 + Level 7.3 Dodging
 + Level 5.6 Stealth
 + Level 5.6 Shields
 + Level 8.7 Unarmed Combat
 + Level 7.6 Spellcasting
 + Level 4.6 Conjurations
 + Level 4.6 Hexes
 + Level 4.6 Summonings
 + Level 4.6 Necromancy
 + Level 4.6 Translocations
 + Level 6.0 Transmutations
 + Level 4.6 Fire Magic
 + Level 4.6 Ice Magic
 + Level 4.6 Air Magic
 + Level 4.6 Earth Magic
 + Level 4.6 Poison Magic
 + Level 6.1 Invocations
 + Level 5.6 Evocations


You had 10 spell levels left.
You knew the following spells:

 Your Spells              Type           Power      Damage    Failure   Level
a - Beastly Appendage     Tmut           60%        N/A       1%          1
b - Wereblood             Tmut           30%        N/A       1%          2
c - Spider Form           Tmut/Pois      27%        N/A       1%          3
d - Ice Form              Ice/Tmut       27%        N/A       3%          4
e - Summon Ice Beast      Ice/Summ       24%        N/A       4%          4

Your spell library contained the following spells:

 Spells                   Type           Power      Damage    Failure   Level
 Freeze                   Ice            96%        1d11      1%          1
 Magic Dart               Conj           96%        1d7       1%          1
 Pain                     Necr           96%        1d8       1%          1
 Shock                    Conj/Air       96%        1d9       1%          1
 Slow                     Hex            96%        N/A       1%          1
 Searing Ray              Conj           48%        2d6       1%          2
 Confusing Touch          Hex            24%        N/A       1%          3
 Conjure Flame            Conj/Fire      24%        6-21      1%          3
 Frozen Ramparts          Ice            48%        1d6       1%          3
 Ignite Poison            Fire/Tmut/Pois 26%        N/A       1%          3
 Swiftness                Air            24%        N/A       1%          3
 Vampiric Draining        Necr           24%        2d7       1%          3
 Airstrike                Air            12%        N/A       4%          4
 Fulminant Prism          Conj/Hex       12%        3d9       4%          4
 Hailstorm                Conj/Ice       24%        3d7       4%          4
 Sticky Flame             Conj/Fire      24%        2d5       4%          4
 Agony                    Necr           24%        N/A       11%         5
 Excruciating Wounds      Necr           12%        N/A       11%         5


Dungeon Overview and Level Annotations

Branches:
Dungeon (8/15)             Temple (1/1) D:5         Ossuary (visited)
 Bailey (1/1)
   Lair: D:8-11

Altars:
Cheibriados
Elyvilon
Fedhas
Gozag
Kikubaaqudgha
Makhleb
Nemelex Xobeh
Okawaru
Qazlal
Ru
Sif Muna
Trog
Uskayaw
Vehumet
Wu Jian
Xom
Yredelemnul
The Shining One

Annotations:
D:2 Sigmund
D:4 2 transporters


Innate Abilities, Weirdness & Mutations

You are a creature of crystalline ice.
You have a powerful freezing melee attack.
You are amphibious.
Your maximum health is increased.
Your armour is entirely melded.
You are incapable of wielding weapons or throwing items.
((You have very sharp teeth.))
Your uncanny sense of smell can sniff out nearby items.
Your experience applies equally to all skills.


Message History

The hobgoblin barely misses your ice beast.
The orc knight barely misses you.
The orc knight hits your ice beast with a +0 war axe!
Your ice beast hits the orc knight but does no damage.
You barely miss the orc knight.
The hobgoblin hits your ice beast with a +0 hand axe.
Your ice beast dies!
Your ice beast disappears in a puff of smoke!
The orc knight hits you with a +0 war axe!
You pummel the orc knight!! You freeze the orc knight.
The orc knight is moderately wounded.
You hear a shout!
An orc comes into view. It is wielding a +0 hand axe.
You hit the orc knight. You freeze the orc knight.
The orc knight is heavily wounded.
The orc knight roars a battlecry!
The orcs go into a battle-frenzy!
The hobgoblin hits you but does no damage.
You barely miss the orc knight.
The orc knight is heavily wounded.
A goblin comes into view. It is wielding a +0 war axe.
The orc knight hits you with a +0 war axe.
The orc warrior closely misses you. The hobgoblin closely misses you.
You punch the orc knight! You freeze the orc knight.
The orc knight is heavily wounded.
You hit the orc knight. You freeze the orc knight.
The orc knight is severely wounded.
The hobgoblin misses you.
The orc warrior hits you with a +0 war axe!!
* * * LOW HITPOINT WARNING * * *
The orc knight barely misses you.
You completely miss the orc knight.
The orc knight is heavily wounded.
The hobgoblin hits you with a +0 hand axe.
* * * LOW HITPOINT WARNING * * *
The orc warrior hits you with a +0 war axe!
* * * LOW HITPOINT WARNING * * *
The orc warrior misses you.
The orc knight hits you with a +0 war axe!
You die... ... ... ####.#### ∆ .#.o.#o ∆ ∆ .o8.. ∆ gog ∆ ##o## #goo#

#.Yo# #...#
######'######
#....≈)≈(...#
#(###≈)≈###'#
#...(≈.≈..(.#
#(###≈.≈###'#
#....≈.≈...^#
#'###≈.≈###'#


You could see an orc knight, 4 orc warriors, 2 orcs, a hobgoblin and 2 goblins.

Vanquished Creatures
  Pikel (D:6)
  A kobold demonologist (D:6)
  A troll (D:7)
  6 yaks (D:8)
  Duvessa (D:5)
  A water moccasin (D:7)
  5 ice beasts
  2 black bears
  2 orc warriors
  2 ogres (D:7)
  A hornet zombie (D:6)
  A necrophage (D:4)
  3 centaurs
  3 bullfrogs
  4 scorpions
  6 water moccasin zombies
  A wyvern skeleton (D:7)
  A water moccasin skeleton (D:5)
  Dowan (D:5)
  5 wights
  A gnoll shaman (D:6)
  An orc priest (D:4)
  3 hounds
  2 centaur skeletons
  Terence (D:2)
  2 iguanas
  2 orc wizards
  2 mummies (Ossuary)
  A hound zombie (D:5)
  10 gnolls
  2 howler monkey skeletons
  5 adders
  2 shadow imps
  2 white imps (D:6)
  3 ufetubi
  An adder skeleton (D:4)
  8 adder zombies
  A worm (D:2)
  A dart slug (D:1)
  15 orcs
  2 ball pythons
  3 bats
  7 endoplasms
  2 giant cockroaches
  4 gnoll zombies (Ossuary)
  6 hobgoblins
  16 kobolds
  5 quokkas
  2 frilled lizards (D:1)
  9 goblins
  A goblin zombie (D:4)
  4 hobgoblin zombies (Ossuary)
  5 kobold zombies (Ossuary)
  6 orc zombies (Ossuary)
  A quokka zombie (D:4)
  5 rats
191 creatures vanquished.

Vanquished Creatures (collateral kills)
  Joseph (D:7)
  An orc warrior (Bailey)
  A wight (D:8)
  A white imp (D:8)
  A goblin (Bailey)
  2 kobolds (Bailey)
7 creatures vanquished.

Grand Total: 198 creatures vanquished

Notes
Turn   | Place    | Note
-------+----------+-------------------------------------------
     0 | D:1      | Rennog the Gnoll Transmuter began the quest for the Orb.
     0 | D:1      | Reached XP level 1. HP: 17/17 MP: 6/6
   335 | D:1      | Reached XP level 2. HP: 21/23 MP: 7/7
   780 | D:2      | Learned a level 2 spell: Wereblood
   798 | D:2      | Reached skill level 5 in Spellcasting
   798 | D:2      | Reached XP level 3. HP: 11/28 MP: 5/9
  1060 | D:2      | Reached skill level 1 in Invocations
  1353 | D:2      | Reached skill level 1 in Short Blades
  1353 | D:2      | Reached skill level 1 in Long Blades
  1353 | D:2      | Reached skill level 1 in Axes
  1353 | D:2      | Reached skill level 1 in Maces & Flails
  1353 | D:2      | Reached skill level 1 in Polearms
  1353 | D:2      | Reached skill level 1 in Staves
  1353 | D:2      | Reached skill level 1 in Slings
  1353 | D:2      | Reached skill level 1 in Bows
  1353 | D:2      | Reached skill level 1 in Crossbows
  1353 | D:2      | Reached skill level 1 in Throwing
  1353 | D:2      | Reached skill level 1 in Armour
  1353 | D:2      | Reached skill level 1 in Stealth
  1353 | D:2      | Reached skill level 1 in Shields
  1353 | D:2      | Reached skill level 1 in Evocations
  1353 | D:2      | Reached XP level 4. HP: 23/34 MP: 8/11
  1573 | D:2      | Reached skill level 1 in Conjurations
  1573 | D:2      | Reached skill level 1 in Hexes
  1573 | D:2      | Reached skill level 1 in Summonings
  1573 | D:2      | Reached skill level 1 in Necromancy
  1573 | D:2      | Reached skill level 1 in Translocations
  1573 | D:2      | Reached skill level 1 in Fire Magic
  1573 | D:2      | Reached skill level 1 in Ice Magic
  1573 | D:2      | Reached skill level 1 in Air Magic
  1573 | D:2      | Reached skill level 1 in Earth Magic
  1573 | D:2      | Reached skill level 1 in Poison Magic
  1873 | D:2      | Noticed Terence
  1881 | D:2      | Killed Terence
  1882 | D:2      | Reached XP level 5. HP: 18/40 MP: 12/12
  1885 | D:2      | Noticed Sigmund
  3190 | D:3      | Found a faded altar of an unknown god.
  3587 | D:3      | Learned a level 3 spell: Spider Form
  3609 | D:4      | Reached XP level 6. HP: 22/47 MP: 10/13
  3616 | D:4      | Found a sand-covered staircase.
  3739 | Ossuary  | Entered an ossuary
  3893 | Ossuary  | Reached skill level 5 in Dodging
  4424 | Ossuary  | Reached XP level 7. HP: 52/52 MP: 9/15
  4433 | Ossuary  | Reached skill level 7 in Unarmed Combat
  5143 | D:4      | Found a transporter.
  5148 | D:4      | Found a transporter.
  5441 | D:4      | Reached XP level 8. HP: 39/59 MP: 14/16
  5926 | D:4      | Learned a level 4 spell: Ice Form
  5927 | D:5      | Entered Level 5 of the Dungeon
  5928 | D:5      | Noticed Dowan
  5930 | D:5      | Noticed Duvessa
  5994 | D:5      | Noticed Pikel
  5994 | D:5      | Found a staircase to the Ecumenical Temple.
  6113 | D:6      | Noticed a kobold demonologist
  6123 | D:6      | Noticed an ice devil
  6129 | D:6      | Killed a kobold demonologist
  7010 | D:6      | Reached XP level 9. HP: 66/66 MP: 11/18
  7016 | D:6      | Reached skill level 5 in Transmutations
  7310 | D:7      | Noticed Joseph
  7673 | D:6      | Killed Pikel
  7674 | D:6      | Reached skill level 5 in Fighting
  7918 | D:5      | Killed Duvessa
  7937 | D:5      | Killed Dowan
  8148 | D:5      | Reached skill level 8 in Unarmed Combat
  8242 | Temple   | Entered the Ecumenical Temple
  8317 | Temple   | Became a worshipper of Cheibriados the Contemplative
  8721 | D:5      | Reached skill level 5 in Invocations
  9150 | D:7      | Learned a level 4 spell: Summon Ice Beast
  9161 | D:7      | Killed Joseph
  9232 | D:7      | Reached XP level 10. HP: 74/74 MP: 12/20
  9511 | D:7      | Reached * piety under Cheibriados
  9556 | D:7      | Reached skill level 5 in Short Blades
  9556 | D:7      | Reached skill level 5 in Long Blades
  9556 | D:7      | Reached skill level 5 in Axes
  9556 | D:7      | Reached skill level 5 in Maces & Flails
  9556 | D:7      | Reached skill level 5 in Polearms
  9556 | D:7      | Reached skill level 5 in Staves
  9556 | D:7      | Reached skill level 5 in Slings
  9556 | D:7      | Reached skill level 5 in Bows
  9556 | D:7      | Reached skill level 5 in Crossbows
  9556 | D:7      | Reached skill level 5 in Throwing
  9556 | D:7      | Reached skill level 5 in Armour
  9556 | D:7      | Reached skill level 5 in Stealth
  9556 | D:7      | Reached skill level 5 in Shields
  9556 | D:7      | Reached skill level 5 in Evocations
 10027 | D:8      | Reached ** piety under Cheibriados
 10264 | D:8      | Found a flagged portal.
 10273 | Bailey   | Entered a bailey
 10430 | Bailey   | Noticed an orc knight
 10441 | Bailey   | Slain by an orc knight

Illustrated notes

Levels and vault maps discovered:
D:1:      eino_arrival_water_star, layout_basic, fountainhead,
          hangedman_decor_clover_reticule
D:2:      layout_basic, uniq_natasha, uniq_terence, uniq_sigmund
D:3:      layout_loops_ring, shapermc_ecumenical_altar_pompeii, grunt_decor_cap
D:4:      gammafunk_steamed_eel, layout_gridville, enter_ossuary_4
D:5:      layout_loops_ring, minmay_temple_entry_trees, uniq_duvessa, uniq_pikel
D:6:      layout_basic
D:7:      minmay_chambers_of_fours, layout_loops_cross, dk_rats_in_the_wall,
          uniq_harold, uniq_joseph
D:8:      layout_basic, enter_bailey_3
Temple:   mainiacjoe_temple_coin_purse
Bailey:   bailey_axe_1, bailey

Skill      XL: |  1  2  3  4  5  6  7  8  9 10 |
---------------+-------------------------------+-----
Spellcasting   | 5 6 7 |  7.6
Invocations    | 1 2 3 4 5 6 |  6.1
Short Blades   | 1 2 3 4 5 |  5.6
Long Blades    | 1 2 3 4 5 |  5.6
Axes           | 1 2 3 4 5 |  5.6
Maces & Flails | 1 2 3 4 5 |  5.6
Polearms       | 1 2 3 4 5 |  5.6
Staves         | 1 2 3 4 5 |  5.6
Slings         | 1 2 3 4 5 |  5.6
Bows           | 1 2 3 4 5 |  5.6
Crossbows      | 1 2 3 4 5 |  5.6
Throwing       | 1 2 3 4 5 |  5.6
Armour         | 1 2 3 4 5 |  5.6
Stealth        | 1 2 3 4 5 |  5.6
Shields        | 1 2 3 4 5 |  5.6
Evocations     | 1 2 3 4 5 |  5.6
Conjurations   | 1 2 3 4 |  4.6
Hexes          | 1 2 3 4 |  4.6
Summonings     | 1 2 3 4 |  4.6
Necromancy     | 1 2 3 4 |  4.6
Translocations | 1 2 3 4 |  4.6
Fire Magic     | 1 2 3 4 |  4.6
Ice Magic      | 1 2 3 4 |  4.6
Air Magic      | 1 2 3 4 |  4.6
Earth Magic    | 1 2 3 4 |  4.6
Poison Magic   | 1 2 3 4 |  4.6
Fighting       | 3 4 5 6 |  6.2
Transmutations | 4 5 6 |  6.0
Dodging        | 5 6 7 |  7.3
Unarmed Combat | 7 8 |  8.7

Action                   |  1- 3 |  4- 6 |  7- 9 | 10-12 || total
-------------------------+-------+-------+-------+-------++-------
Melee: Unarmed           |    72 |    48 |   208 |   142 ||   470
       Bite              |     3 |     8 |     4 |     2 ||    17
       Headbutt          |     6 |     7 |       |       ||    13
       Kick              |     6 |    12 |       |       ||    18
       Flail             |       |    99 |    45 |     6 ||   150
       Punch             |       |     2 |     2 |       ||     4
 Cast: Beastly Appendage |     4 |    10 |       |       ||    14
       Wereblood         |     3 |     8 |     5 |     5 ||    21
       Spider Form       |       |     5 |    11 |       ||    16
       Ice Form          |       |       |    26 |    12 ||    38
       Summon Ice Beast  |       |       |     2 |     8 ||    10
  Use: Potion            |       |       |       |     1 ||     1
 Stab: Sleeping          |       |     1 |     5 |       ||     6
       Distracted        |       |       |       |     1 ||     1
Armor: Robe              |     9 |    21 |     4 |     3 ||    37
       Skin              |       |       |    34 |    49 ||    83
Dodge: Dodged            |    46 |    89 |   182 |   176 ||   493

Table legend: (Time is in decaauts)
 A = Elapsed time spent in this place.
 B = Non-inter-level travel time spent in this place.
 C = Inter-level travel time spent in this place.
 D = Time resting spent in this place.
 E = Time spent auto-exploring this place.
 F = Levels seen in this place.
 G = Mean time per level.
                   A        B        C        D        E       F      G
               +--------+--------+--------+--------+--------+-----+--------+
         Total |  10952 |  10030 |    922 |    974 |   7247 |  11 |  995.6 |
       Dungeon |   9681 |   8771 |    910 |    958 |   6404 |   8 | 1210.1 |
        Temple |     89 |     77 |     12 |      0 |     54 |   1 |   89.0 |
       Ossuary |    980 |    980 |      0 |     16 |    730 |   1 |  980.0 |
        Bailey |    201 |    201 |      0 |      0 |     59 |   1 |  201.0 |
               +--------+--------+--------+--------+--------+-----+--------+

Top non-repeatable levels by time:
     D:6: 1722 daAuts
     D:4: 1493 daAuts
     D:2: 1345 daAuts
     D:1: 1285 daAuts
     D:5: 1259 daAuts
     D:7: 987 daAuts
 Ossuary: 980 daAuts
     D:3: 969 daAuts
     D:8: 619 daAuts
  Bailey: 201 daAuts
  Temple: 89 daAuts
